 Dungeon Crawl Stone Soup version 0.31-a0-851-g7ff8af7976 (webtiles) character file.

Game seed: 9003027341963697962

128782 demibob the Shatterer (level 16, -6/177 (183) HPs)
             Began as a Troll Chaos Knight on Oct 5, 2023.
             Was a Plaything of Xom.
             Killed by divine providence
             ... invoked by a meliai
              (7 damage)
             ... on level 3 of the Spider Nest on Oct 6, 2023.
             The game lasted 01:13:08 (25587 turns).

demibob the Shatterer (Troll Chaos Knight)         Turns: 25587, Time: 01:13:09

HP:   -6/177 (183)  AC: 17    Str: 22    XL:     16   Next: 49%
MP:   0/15          EV: 12    Int: 11    God:    Xom [.....*]
Gold: 2977          SH:  4    Dex: 18    Spells: 15/15 levels left

rFire   + + +        a - +5 giant spiked club (protect)
rCold   + . .        (shield currently unavailable)
rNeg    . . .        O - +0 acid dragon scales
rPois   +            z - +0 hat {SInv}
rElec   .            H - +0 cloak "Cioza" {rC+}
rCorr   +            (gloves unavailable)
SInv    +            (boots unavailable)
Will    +++++        E - amulet of Nos Viqu {Spirit Fly Will++}
Stlth   +++          T - +4 ring of protection
HPRegen 1.29/turn    l - ring of Shadows {Umbra +Inv Stlth+}
MPRegen 0.14/turn

%: guardian spirit
@: lethally poisoned (-6 -> -14), about to teleport, flying, wreathed by umbra,
lightly drained
A: large, unfitting armour, claws 3, regeneration 1, shaggy fur 1, tough skin 1,
horns 1, talons 1, iridescent scales 3, large bone plates 1, see invisible,
agile 1, clever 1, deformed body, fire resistance 3, strong-willed 2, poison
resistance, robust 1, wild magic 1, MP-powered wands
a: Renounce Religion, Evoke Invisibility


You were on level 3 of the Spider Nest.
You worshipped Xom.
You were Xom's teddy bear.
You visited 4 branches of the dungeon, and saw 26 of its levels.
You also visited: Gauntlet.

You collected 4175 gold pieces.
You spent 1198 gold pieces at shops.


Innate Abilities, Weirdness & Mutations

You are too large for most types of armour.
You have claws for hands.
Your natural rate of healing is unusually fast.
You are covered in fur. (AC +1)
You have tough skin. (AC +1)
You have a pair of small horns on your head.
You have sharp toenails.
You are completely covered in iridescent scales. (AC +6)
You are partially covered in large bone plates. (SH +4)
You have supernaturally acute eyesight. (SInv)
You are agile. (Dex +4, Str/Int -1)
Your mind is acute. (Int +4, Str/Dex -1)
Armour fits poorly on your strangely shaped body.
Your flesh is almost immune to the effects of heat. (rF+++)
You are highly strong-willed. (Will++)
Your system is resistant to poisons. (rPois)
You are robust. (+10% HP)
Your spells are a little harder to cast, but a little more powerful.
You expend magic power (3 MP) to strengthen your wands.


   Skills:
 + Level 12.8 Fighting
 - Level 22.1 Maces & Flails
 + Level 4.5 Throwing
 - Level 4.7 Armour
 - Level 5.9 Dodging


You had 15 spell levels left.
You didn't know any spells.
Your spell library contained the following spells:

 Spells                   Type           Power      Damage    Failure   Level
 Freeze                   Ice            0%         1d3       50%         1
 Necrotise                Necr           0%         1d4       50%         1
 Slow                     Hex            0%         N/A       50%         1
 Ensorcelled Hibernation  Hex/Ice        0%         N/A       63%         2
 Jinxbite                 Hex            0%         N/A       63%         2
 Poisonous Vapours        Pois/Air       0%         N/A       63%         2
 Static Discharge         Conj/Air       0%         2-2/arc   63%         2
 Sublimation of Blood     Necr           0%         N/A       63%         2
 Wereblood                Tmut           0%         N/A       63%         2
 Confusing Touch          Hex            0%         N/A       85%         3
 Dazzling Flash           Conj/Hex       0%         N/A       85%         3
 Frozen Ramparts          Ice            0%         1d1       85%         3
 Hailstorm                Conj/Ice       0%         3d3       85%         3
 Mephitic Cloud           Conj/Pois/Air  0%         N/A       85%         3
 Sigil of Binding         Hex            0%         N/A       85%         3
 Summon Guardian Golem    Hex/Summ       0%         N/A       85%         3
 Vampiric Draining        Necr           0%         2d6       85%         3
 Volatile Blastmotes      Fire/Tloc      0%         2d10      85%         3
 Airstrike                Air            0%         2d(0-16)  99%         4
 Anguish                  Hex/Necr       0%         N/A       99%         4
 Animate Armour           Summ/Erth      0%         N/A       99%         4
 Animate Dead             Necr           0%         N/A       99%         4
 Cause Fear               Hex            0%         N/A       99%         4
 Petrify                  Tmut/Erth      0%         N/A       99%         4
 Summon Lightning Spire   Summ/Air       0%         N/A       99%         4
 Agony                    Necr           0%         N/A       100%        5
 Alistair's Intoxication  Tmut/Pois      0%         N/A       100%        5
 Borgnjor's Vile Clutch   Necr/Erth      0%         N/A       100%        5
 Freezing Cloud           Conj/Ice/Air   0%         6-21      100%        5
 Irradiate                Conj/Tmut      0%         3d11      100%        5
 Lee's Rapid Deconstruct  Erth           0%         3d4*      100%        5
 Death Channel            Necr           0%         N/A       100%        6
 Eringya's Noxious Bog    Tmut/Pois      0%         4d6       100%        6
 Starburst                Conj/Fire      0%         6d3       100%        6
 Enfeeble                 Hex            0%         N/A       100%        7
 Orb of Destruction       Conj           0%         9d5       100%        7
 Spellforged Servitor     Conj/Summ      0%         N/A       100%        7
 Maxwell's Capacitive Co  Air            0%         ∞         100%        8

Inventory:

Hand Weapons
 a - a +5 giant spiked club of protection (weapon)
 d - a +5 mace of freezing
Missiles
 m - 91 poisoned darts (quivered)
 p - 4 darts of dispersal {=f}
 u - 6 curare-tipped darts {=f}
 x - 5 throwing nets {=f}
 G - 13 large rocks {=f}
Armour
 z - a +0 hat of see invisible (worn)
 H - the +0 cloak "Cioza" (worn) {rC+}
   (You found it in a Gauntlet)

   rC+:       It protects you from cold.
 O - +0 acid dragon scales (worn)
Jewellery
 l - the ring of Shadows (right claw) {Umbra +Inv Stlth+}
   (You took it off a minotaur in a Gauntlet)

   [ring of stealth]

   Umbra:     It surrounds you with an aura of shadow, increasing your stealth
   and reducing the accuracy of all others within it.
   +Inv:      It lets you turn invisible.
   Stlth+:    It makes you more stealthy.
 w - an amulet of faith {!P}
 A - an amulet of the acrobat
 C - a ring of protection from cold
 E - the amulet of Nos Viqu (around neck) {Spirit Fly Will++}
   (You found it on level 3 of the Lair of Beasts)

   [amulet of guardian spirit]

   Spirit:    It causes incoming damage to be divided between your reserves of
   health and magic.
   Will++:    It greatly increases your willpower.
   Fly:       It grants you flight.
 F - a ring of fire
 N - a ring of positive energy
 P - a ring of poison resistance
 R - a ring of resist corrosion
 T - a +4 ring of protection (left claw)
 W - a ring of willpower
 Z - a ring of wizardry
Wands
 c - a wand of charming (20)
 r - a wand of mindburst (18)
 s - a wand of flame (25)
 J - a wand of roots (14)
Scrolls
 f - a scroll of vulnerability
 g - a scroll of torment
 k - 4 scrolls of teleportation {@r2}
 q - 18 scrolls of identify {@r1}
 t - 4 scrolls of fog
 v - 2 scrolls of revelation
 y - 2 scrolls of immolation
 B - 4 scrolls of amnesia
 M - 2 scrolls of enchant armour
 S - 2 scrolls of silence {!r}
Potions
 b - a potion of magic
 e - 5 potions of enlightenment
 h - 7 potions of brilliance
 i - 3 potions of invisibility
 j - 2 potions of attraction
 o - 2 potions of resistance
 D - 6 potions of ambrosia
 I - 2 potions of might
 L - 2 potions of haste {@q3}
 U - a potion of cancellation
Miscellaneous
 K - a box of beasts

Dungeon Overview and Level Annotations

Branches:
Dungeon (15/15)            Temple (0/1) D:7            Lair (5/5) D:10
  Swamp (0/4) Lair:2       Spider (4/4) Lair:2        Slime (0/5) Lair:4
    Orc (2/2) D:10            Elf (0/3) Orc:2        Vaults (0/5) D:13
 Depths (0/4) D:15        Gauntlet (visited)

Altars:
Ashenzari
Cheibriados
Dithmenos
Elyvilon
Fedhas
Gozag
Hepliaklqana
Makhleb
Nemelex Xobeh
Okawaru
Qazlal
Sif Muna
Trog
Wu Jian
Xom
Zin
Jiyva

Shops:
D:3 :   D:4 !   D:15 !   Orc:1 [   Orc:2 ([!((([!

Portals:
Hell: Lair:5

Annotations:
D:15 Roxanne
Lair:3 3 runed translucent doors, CowFu's ghost, journeyman DrSh

....#.....#....††.#....##
...##....###..#..##.....#
.###....^#....####..#...#
..#...#^##^...#..#.)#...#
..##..###.....#....##...#
...#....##.^####.B>.#...#
.†.#.....#.....##sy.#...#
~..##....#.....##.s####.#
≈#..##...#....##@.##..###
≈#...##....#..#..##...###
#.....#...##..#.^#..#...#
...#..#.###...##....##..#
<.#######.##..#....##..##
.##....#...####..###....#
.......#...^.######^....#
#.....##......#...##....#
###....##..#.......#....#


You could see a radroach, a demonic crawler, a redback and a meliai.


Message History

You block the redback's attack.
The meliai mumbles some strange prayers to its god against you.
Something smites you!
* * * LOW HITPOINT WARNING * * *
The redback closely misses you. The meliai barely misses you. x2
You feel very sick.
The demonic crawler attacks as it pursues you!
The demonic crawler closely misses you. The demonic crawler hits you!
* * * LOW HITPOINT WARNING * * *
The demonic crawler completely misses you.
The meliai attacks as it pursues you! The meliai hits you with a +4 war axe.
* * * LOW HITPOINT WARNING * * *
The meliai stings you but does no damage.
The demonic crawler barely misses you. The demonic crawler hits you.
* * * LOW HITPOINT WARNING * * *
You block the demonic crawler's attack. The meliai hits you with a +4 war axe!
* * * LOW HITPOINT WARNING * * *
Xom roars with laughter!
The meliai barely misses you.
Okay, then.
Enter note: rofl
Okay, then.
Okay, then.
Enter note: dead
* * * LOW HITPOINT WARNING * * *
You feel very sick.
The meliai calls down the wrath of its god upon you.
Something smites you!
You die...
Xom chortles!

Skill      XL: |  1  2  3  4  5  6  7  8  9 10 11 12 13 14 15 16 |
---------------+-------------------------------------------------+-----
Maces & Flails | 3 4 5 6 7 9 11 13 15 17 18 19 20 22 | 22.1
Fighting       | 3 7 9 11 12 | 12.8
Dodging        | 5 |  5.9
Armour         | 3 4 |  4.7
Throwing       | 4 |  4.5

Action                     |  1- 3 |  4- 6 |  7- 9 | 10-12 | 13-15 | 16-18 || total
---------------------------+-------+-------+-------+-------+-------+-------++-------
  Melee: Mace              |    97 |   104 |   414 |   306 |       |       ||   921
         Punch             |     1 |       |     4 |     2 |       |       ||     7
         Peck              |       |     5 |    53 |   106 |    32 |       ||   196
         Kick              |       |       |       |   169 |    46 |     1 ||   216
         Giant spiked club |       |       |       |   346 |  1198 |   256 ||  1800
         Headbutt          |       |       |       |       |    44 |    41 ||    85
  Throw: Dart              |       |     4 |     1 |    14 |     4 |    23 ||    46
  Evoke: Wand              |       |       |       |     4 |     3 |       ||     7
    Use: Scroll            |     7 |     3 |     9 |    10 |    13 |     7 ||    49
         Potion            |       |     2 |     2 |    11 |     7 |     5 ||    27
   Stab: Confused          |       |     1 |       |     5 |     4 |       ||    10
         Distracted        |       |       |     1 |       |     4 |     1 ||     6
         Sleeping          |       |       |       |     3 |    15 |     4 ||    22
         Paralysed         |       |       |       |     2 |       |       ||     2
         Invisible         |       |       |       |       |     2 |       ||     2
 Armour: Robe              |    88 |    84 |   274 |   560 |   432 |       ||  1438
         Acid dragon scale |       |       |       |       |   546 |   306 ||   852
  Dodge: Dodged            |    65 |    63 |   171 |   345 |   596 |   226 ||  1466
  Block: Other             |       |       |       |       |       |    19 ||    19

Levels and vault maps discovered:
D:1:      dpeg_arrival_signposts, layout_basic
D:2:      layout_basic, kennysheep_generic_room_12
D:3:      layout_loops_ring, nicolae_gozag_seed_capital,
          shapermc_ecumenical_altar_venn, nicolae_shop_vocational, uniq_terence
D:4:      layout_gridville, nicolae_hepliaklqana_hippocampus,
          chequers_temple_overflow_statue_of_worship, grunt_qazlal_sundering,
          serial_shops, nicolae_shop_window_shopping
D:5:      minmay_thinvault, layout_basic, mainiacjoe_overflow_surrounded_room,
          lemuel_round_altar, nicolae_ossuary_entry_false_entrances,
          st_stairs_8, ldierk_geyser
D:6:      minmay_bubble_buster, layout_loops_corners, minmay_fountain_box
D:7:      layout_loops_ring, minmay_temple_entry_fiery, uniq_jeremiah
D:8:      layout_cave_pools, tgw_sif, zin_academy,
          mainiacjoe_overflow_six_doors_small
D:9:      layout_loops_ring, mainiacjoe_overflow_24_doors, special_room
          [special_room_bee], uniq_harold, uniq_erica
D:10:     cheibrodos_steamvent, layout_loops_corners,
          nicolae_wu_jian_glorious_leap, due_lair_maze_entry_diamond,
          orc_0_dummy, uniq_joseph
D:11:     layout_irregular_city, kennysheep_path_1
D:12:     layout_stronghold, serial_undead, serial_undead_b, serial_undead_a,
          serial_undead_c, serial_undead_a, dk_noncrumbling_4,
          skrybe_limestone_x, lemuel_nasty_fountain
D:13:     lemuel_ice_spiral_2, layout_stronghold, david_vaults_3, uniq_snorg
D:14:     layout_irregular_city, patterned_corridor
D:15:     gammafunk_enter_depths_forms, layout_basic, serial_shops,
          nicolae_shop_tiny_statue_garden, trog_three_pillars_becter,
          minmay_misc_feat_five, hangedman_abyss_or_decor_passed, uniq_roxanne
Lair:1:   layout_regular_city, nicolae_lair_lindhole, uniq_grum
Lair:2:   layout_cave_pods, minmay_swamp_entry_reptiles, spider_nest_entry_a,
          grunt_megastairs_2, uniq_gastronok
Lair:3:   layout_loops_ring, gauntlet_entry_generic, ebering_ghost_rock_garden,
          cheibrodos_lair_caveside_slide, uniq_urug
Lair:4:   layout_small_grid, slime_entry_1
Lair:5:   evil_forest, layout_loops_ring
Spider:1: layout_spider_delve, nicolae_spider_twisty_arc_passages
Spider:2: layout_spider_delve, special_room, uniq_aizul
Spider:3: layout_spider_delve
Spider:4: hellmonk_spider_rune_endless_swarm, hellmonk_narrow_tunnel,
          uniq_arachne
Orc:1:    layout_caves, serial_shops, nicolae_shop_peninsula, basic_altar,
          uniq_josephine
Orc:2:    st_orc_elflike, layout_caves, serial_shops, shop_fountains,
          nicolae_shop_waterfront, nicolae_shop_advertising_works
          [nicolae_subvault_shop_adworks], nicolae_shop_firing_range

Notes
Turn   | Place    | Note
-------+----------+-------------------------------------------
     0 | D:1      | demibob the Troll Chaos Knight began the quest for the Orb.
     0 | D:1      | Reached XP level 1. HP: 22/22 MP: 0/0
    62 | D:1      | Reached skill level 3 in Maces & Flails
    81 | D:1      | XOM: potion effect (curing)
    84 | D:1      | Reached XP level 2. HP: 29/29 MP: 1/1
   188 | D:1      | XOM: scenery: create altars
   382 | D:1      | Reached XP level 3. HP: 36/36 MP: 2/2
   537 | D:2      | Reached skill level 4 in Maces & Flails
   584 | D:2      | XOM: cloud trail
   594 | D:2      | You fall into a shaft and drop 1 floor!
   609 | D:3      | Found Quvvovv Main's Vocational Training.
   631 | D:3      | Found an opulent altar of Gozag.
   692 | D:3      | Reached XP level 4. HP: 35/44 MP: 3/3
   874 | D:3      | Noticed Terence
   882 | D:3      | Killed Terence
   883 | D:3      | Reached skill level 5 in Maces & Flails
   978 | D:3      | Reached XP level 5. HP: 50/50 MP: 4/4
  1066 | D:3      | Found a faded altar of an unknown god.
  1313 | D:4      | Noticed an ogre
  1314 | D:4      | Gained mutation: You passively map a small area around you.
                  | [potion of mutation]
  1314 | D:4      | Gained mutation: You are weak. (Str -2) [potion of
                  | mutation]
  1314 | D:4      | Lost mutation: You are weak. (Str -2) [potion of mutation]
  1320 | D:4      | Killed an ogre
  1321 | D:4      | Reached skill level 6 in Maces & Flails
  1370 | D:4      | Noticed a black bear
  1385 | D:4      | Killed a black bear
  1386 | D:4      | Reached XP level 6. HP: 57/59 MP: 5/5
  1444 | D:4      | XOM: give mutations
  1444 | D:4      | Lost mutation: You passively map a small area around you.
                  | [Xom's mischief]
  1444 | D:4      | Gained mutation: You have a beak for a mouth. [Xom's
                  | mischief]
  1444 | D:4      | Gained mutation: You have hidden genetic defects. [Xom's
                  | mischief]
  1504 | D:4      | Found Fehylam's Distillery.
  1507 | D:4      | Bought a potion of curing for 33 gold pieces
  1507 | D:4      | Bought a potion of heal wounds for 55 gold pieces
  1507 | D:4      | Bought a potion of curing for 33 gold pieces
  1527 | D:4      | Reached skill level 7 in Maces & Flails
  1535 | D:4      | Gained mutation: Armour fits poorly on your strangely
                  | shaped body. [hidden defects]
  1544 | D:4      | Found a shadowy altar of Dithmenos.
  1544 | D:4      | Found a stormy altar of Qazlal.
  1544 | D:4      | XOM: 4-stop teleportation journey
  1571 | D:4      | Found a bloodstained altar of Trog.
  1571 | D:4      | Found an iron altar of Okawaru.
  1571 | D:4      | Found a broken altar of Ashenzari.
  1582 | D:4      | Reached XP level 7. HP: 29/63 MP: 6/6
  1609 | D:4      | Gained mutation: You sometimes lose your temper in combat.
                  | [hidden defects]
  1609 | D:4      | Lost mutation: You have hidden genetic defects. [hidden
                  | defects expressed]
  1631 | D:4      | Identified a potion of resistance
  1719 | D:4      | XOM: polymorph orc wizard -> gnoll
  1932 | D:4      | Found a hazy altar of Hepliaklqana.
  2130 | D:4      | XOM: confusion
  2257 | D:5      | Entered Level 5 of the Dungeon
  2347 | D:5      | Reached skill level 8 in Maces & Flails
  2379 | D:5      | Found a blossoming altar of Fedhas.
  2413 | D:5      | XOM: noise
  2563 | D:5      | Found a sparkling altar of Nemelex Xobeh.
  2716 | D:5      | Reached skill level 9 in Maces & Flails
  2716 | D:5      | Reached XP level 8. HP: 74/74 MP: 7/7
  2840 | D:5      | XOM: cast spell 'Dispersal'
  2846 | D:5      | XOM: blink monster(s)
  2866 | D:5      | XOM: smoke on damage
  2910 | D:5      | XOM: butterfly on damage
  2988 | D:5      | Found a sand-covered staircase.
  3009 | D:5      | XOM: swap monsters
  3016 | D:5      | Reached skill level 10 in Maces & Flails
  3407 | D:5      | XOM: summons 5 hostile demons
  3517 | D:6      | XOM: divination: magic mapping
  3581 | D:6      | XOM: give mutations
  3581 | D:6      | Gained mutation: You passively map a small area around you.
                  | [Xom's grace]
  3581 | D:6      | Gained mutation: Your flesh is heat resistant. (rF+) [Xom's
                  | grace]
  3581 | D:6      | Gained mutation: You passively dampen the noise of your
                  | surroundings. [Xom's grace]
  3581 | D:6      | Gained mutation: Your spells are a little harder to cast,
                  | but a little more powerful. [Xom's grace]
  3687 | D:6      | XOM: scenery: create altars
  3796 | D:6      | Noticed a hornet
  3796 | D:6      | XOM: summons 4 friendly demons
  3802 | D:6      | Killed a hornet
  3803 | D:6      | Reached skill level 11 in Maces & Flails
  3855 | D:6      | Reached XP level 9. HP: 72/80 MP: 8/8
  3974 | D:6      | XOM: silly message
  4357 | D:6      | XOM: 6-stop teleportation journey
  4471 | D:6      | XOM: 1-stop teleportation journey
  4564 | D:6      | Reached skill level 12 in Maces & Flails
  4564 | D:6      | XOM: silly message
  4795 | D:7      | XOM: cast spell 'Summon Ice Beast'
  4819 | D:7      | Reached skill level 13 in Maces & Flails
  4886 | D:7      | XOM: cast spell 'Summon Mana Viper'
  4963 | D:7      | XOM: divination: detect items
  4990 | D:7      | XOM: god gift: runed buckler {god gift}
  5055 | D:7      | XOM: confusion (+ monsters)
  5064 | D:7      | Reached XP level 10. HP: 88/88 MP: 9/9
  5492 | D:7      | XOM: give mutations
  5492 | D:7      | Gained mutation: You have sharp toenails. [Xom's grace]
  5492 | D:7      | Gained mutation: You are partially covered in iridescent
                  | scales. (AC +2) [Xom's grace]
  5492 | D:7      | Gained mutation: Your mind is acute. (Int +4, Str/Dex -1)
                  | [Xom's grace]
  5492 | D:7      | Lost mutation: You have sharp toenails. [Xom's grace]
  5492 | D:7      | Gained mutation: You have large cloven feet. [Xom's grace]
  5504 | D:7      | XOM: scenery: create altars
  5527 | D:7      | Found a staircase to the Ecumenical Temple.
  5527 | D:7      | Noticed Jeremiah
  5527 | D:7      | XOM: repel stairs
  5532 | D:7      | XOM: cast spell 'Summon Small Mammal'
  5548 | D:7      | Killed Jeremiah
  5592 | D:8      | XOM: god gift: 37 gold pieces
  5608 | D:8      | XOM: confuse monster(s)
  5633 | D:8      | XOM: 3-stop teleportation journey
  5690 | D:8      | Found a glowing silver altar of Zin.
  5743 | D:8      | Reached skill level 14 in Maces & Flails
  5755 | D:8      | Found a white marble altar of Elyvilon.
  5756 | D:8      | XOM: give mutation
  5756 | D:8      | Lost mutation: You passively dampen the noise of your
                  | surroundings. [Xom's mischief]
  5774 | D:8      | XOM: enchant monster (bad)
  5866 | D:8      | XOM: torment (45/88 hp)
  5869 | D:8      | XOM: torment (22/88 hp)
  5870 | D:8      | XOM: divine lightning
  5871 | D:8      | XOM: enchant monster (bad)
  5974 | D:8      | XOM: 1-stop teleportation journey
  6020 | D:8      | XOM: cleaving
  6199 | D:8      | XOM: divination: detect items
  6231 | D:8      | Found a shimmering blue altar of Sif Muna.
  6247 | D:8      | XOM: torment (45/88 hp)
  6358 | D:9      | XOM: 2-stop teleportation journey
  6492 | D:9      | XOM: give mutations
  6492 | D:9      | Gained mutation: You are mostly covered in iridescent
                  | scales. (AC +4) [Xom's grace]
  6492 | D:9      | Gained mutation: You are completely covered in iridescent
                  | scales. (AC +6) [Xom's grace]
  6492 | D:9      | Lost mutation: You sometimes lose your temper in combat.
                  | [Xom's grace]
  6492 | D:9      | Gained mutation: Your mind is very acute. (Int +8, Str/Dex
                  | -2) [Xom's grace]
  6527 | D:9      | XOM is BORED!
  6527 | D:9      | XOM: draining
  6605 | D:9      | XOM: fog
  6616 | D:9      | XOM: cast spell 'Summon Small Mammal'
  6775 | D:9      | XOM: divination: magic mapping
  6776 | D:9      | XOM: fog
  6782 | D:9      | Reached skill level 15 in Maces & Flails
  6784 | D:9      | XOM: polymorph killer bee -> gnoll
  6811 | D:9      | XOM: give mutations
  6811 | D:9      | Gained mutation: Your system is resistant to poisons.
                  | (rPois) [Xom's grace]
  6811 | D:9      | Gained mutation: You possess an exceptional clarity of
                  | mind. [Xom's grace]
  6811 | D:9      | Gained mutation: You are strong-willed. (Will+) [Xom's
                  | grace]
  6811 | D:9      | Gained mutation: You are somewhat resistant to further
                  | mutation. [Xom's grace]
  6866 | D:9      | XOM: god gift: potion of curing
  6877 | D:9      | XOM: cleaving
  6908 | D:9      | XOM: enchant monster (good)
  7025 | D:9      | XOM: god gift: potion of resistance
  7057 | D:9      | XOM: confuse monster(s)
  7104 | D:9      | XOM: 3-stop teleportation journey
  7161 | D:9      | Found a snail-covered altar of Cheibriados.
  7201 | D:9      | Noticed Erica
  7203 | D:9      | XOM: confuse monster(s)
  7209 | D:9      | Killed Erica
  7210 | D:9      | Reached XP level 11. HP: 70/94 MP: 10/10
  7329 | D:9      | XOM: give mutations
  7329 | D:9      | Gained mutation: You are highly strong-willed. (Will++)
                  | [Xom's grace]
  7329 | D:9      | Gained mutation: Your spells are harder to cast, but more
                  | powerful. [Xom's grace]
  7329 | D:9      | Lost mutation: You are somewhat resistant to further
                  | mutation. [Xom's grace]
  7329 | D:9      | Gained mutation: You have hidden genetic potential. [Xom's
                  | grace]
  7339 | D:9      | Noticed Harold
  7340 | D:9      | XOM: enchant monster (good)
  7349 | D:9      | XOM: cast spell 'Summon Mana Viper'
  7361 | D:9      | XOM: swap monsters
  7367 | D:9      | XOM: confuse monster(s)
  7369 | D:9      | Harold changed into Harold the shapeshifter
  7369 | D:9      | XOM: polymorph Harold -> Harold the shapeshifter
  7504 | D:10     | Entered Level 10 of the Dungeon
  7515 | D:10     | XOM: potion effect (curing)
  7633 | D:10     | Found a staircase to the Lair.
  7633 | D:10     | XOM: 6-stop teleportation journey
  7636 | D:10     | XOM: destruction
  7637 | D:10     | Reached skill level 16 in Maces & Flails
  7705 | D:10     | Noticed Joseph
  7705 | D:10     | XOM: 6-stop teleportation journey
  7719 | D:10     | Killed Joseph
  7905 | D:10     | XOM: enchant monster (bad)
  7910 | D:10     | XOM: blink monster(s)
  7926 | D:10     | XOM: 2-stop teleportation journey
  8063 | D:10     | XOM: give mutations
  8063 | D:10     | Lost mutation: Your spells are harder to cast, but more
                  | powerful. [Xom's mischief]
  8063 | D:10     | Lost mutation: You passively map a small area around you.
                  | [Xom's mischief]
  8130 | D:10     | Found an ornate altar of the Wu Jian Council.
  8209 | D:10     | Found a staircase to the Orcish Mines.
  8229 | D:10     | XOM: divine lightning
  8230 | D:10     | XOM: cleaving
  8234 | D:10     | XOM: fog
  8247 | D:10     | XOM: smoke on damage
  8541 | Lair:1   | Entered Level 1 of the Lair of Beasts
  8544 | Lair:1   | XOM: cleaving
  8546 | Lair:1   | Noticed Grum
  8546 | Lair:1   | XOM: scenery: 2 doors open
  8569 | Lair:1   | Killed Grum
  8584 | Lair:1   | XOM: fake destruction
  8589 | Lair:1   | XOM: 7-stop teleportation journey
  8604 | Lair:1   | XOM: destruction
  8607 | Lair:1   | Reached skill level 17 in Maces & Flails
  8722 | Lair:1   | XOM: scenery: create altars
  8749 | Lair:1   | Noticed a lindwurm
  8756 | Lair:1   | Killed a lindwurm
  8824 | Lair:1   | XOM: god gift: forked copper wand {god gift}
  8862 | Lair:1   | XOM: scenery: 1 doors open
  9124 | Lair:1   | Noticed a lindwurm
  9132 | Lair:1   | Killed a lindwurm
  9132 | Lair:1   | XOM: divine lightning
  9219 | Lair:1   | XOM: summons 3 hostile shadow creatures
  9225 | Lair:1   | XOM: butterfly on damage
  9312 | Lair:1   | Upgraded the game from 0.31-a0-848-gaac375c287 to
                  | 0.31-a0-851-g7ff8af7976
  9351 | Lair:2   | XOM: confuse monster(s)
  9364 | Lair:1   | Reached skill level 3 in Fighting
  9386 | Lair:1   | XOM: give mutations
  9386 | Lair:1   | Lost mutation: Your mind is very acute. (Int +8, Str/Dex
                  | -2) [Xom's mischief]
  9386 | Lair:1   | Lost mutation: You possess an exceptional clarity of mind.
                  | [Xom's mischief]
  9386 | Lair:1   | Gained mutation: You are weak. (Str -2) [Xom's mischief]
  9386 | Lair:1   | Lost mutation: Your mind is acute. (Int +4, Str/Dex -1)
                  | [Xom's mischief]
  9427 | Lair:2   | XOM: swap monsters
  9499 | Lair:2   | Reached XP level 12. HP: 71/105 MP: 11/11
  9533 | Lair:2   | XOM: summons 1 hostile shadow creature
  9582 | Lair:2   | XOM: summons 2 hostile demons
  9586 | Lair:2   | XOM: chaos cloud
  9588 | Lair:2   | XOM: 2-stop teleportation journey
  9589 | Lair:2   | Gained mutation: A frigid envelope surrounds you and
                  | freezes all who hurt you. [hidden potential]
  9706 | Lair:2   | XOM: stat loss: -1 Str (20/21)
  9723 | Lair:2   | Reached skill level 4 in Fighting
  9848 | Lair:2   | Found a hole to the Spider Nest.
  9849 | Lair:2   | XOM: summons 7 hostile demons
  9985 | Lair:2   | Noticed Gastronok
  9989 | Lair:2   | XOM: scenery: create altars
  9995 | Lair:2   | Killed Gastronok
 10044 | Lair:2   | Reached skill level 18 in Maces & Flails
 10079 | Lair:2   | Found a staircase to the Swamp.
 10080 | Lair:2   | Noticed a four-headed hydra
 10082 | Lair:2   | XOM: summons friendly crimson imp
 10086 | Lair:2   | Killed a four-headed hydra
 10087 | Lair:2   | Reached skill level 5 in Fighting
 10096 | Lair:2   | XOM: cloud trail
 10433 | Lair:3   | XOM: cast spell 'Chain of Chaos'
 10440 | Lair:3   | Identified the amulet of Nos Viqu {Spirit Fly Will++}
 10472 | Lair:3   | XOM: confuse monster(s)
 10473 | Lair:3   | XOM: snakes to sticks
 10480 | Lair:3   | Found a gate leading to a gauntlet.
 10487 | Gauntlet | Entered a Gauntlet
 10487 | Gauntlet | Found a transporter.
 10524 | Gauntlet | Found a transporter.
 10531 | Gauntlet | Noticed a death yak
 10532 | Gauntlet | Noticed a death yak
 10534 | Gauntlet | Noticed a death yak
 10537 | Gauntlet | Noticed a death yak
 10538 | Gauntlet | Noticed a death yak
 10540 | Gauntlet | Found a transporter.
 10544 | Gauntlet | Found a transporter.
 10562 | Gauntlet | Found a transporter.
 10575 | Gauntlet | Found a transporter.
 10588 | Gauntlet | Found a transporter.
 10608 | Gauntlet | Found a transporter.
 10612 | Gauntlet | Found a transporter.
 10613 | Gauntlet | Noticed a death yak
 10614 | Gauntlet | Noticed a death yak
 10614 | Gauntlet | Noticed a death yak
 10616 | Gauntlet | Noticed a death yak
 10620 | Gauntlet | Found a transporter.
 10645 | Gauntlet | Found a transporter.
 10647 | Gauntlet | Found a transporter.
 10659 | Gauntlet | XOM: god gift: 39 gold pieces
 10742 | Gauntlet | XOM: swap monsters
 10759 | Gauntlet | Identified the ring "Iceurodd" {Wiz +Blink MP-9 Int+8
                  | Dex+3}
 10785 | Gauntlet | Identified the +0 cloak "Cioza" {rC+}
 10852 | Gauntlet | Noticed a minotaur
 10862 | Gauntlet | Killed a minotaur
 10863 | Gauntlet | Reached skill level 6 in Fighting
 10970 | Lair:3   | XOM: fog
 10972 | Lair:3   | XOM: scenery: summon butterflies
 11020 | Lair:3   | Noticed a death yak
 11020 | Lair:3   | Noticed a death yak
 11022 | Lair:3   | XOM: confusion (+ monsters)
 11027 | Lair:3   | Noticed a death yak
 11027 | Lair:3   | Noticed a death yak
 11029 | Lair:3   | Noticed a death yak
 11030 | Lair:3   | Noticed a death yak
 11034 | Lair:3   | Killed a death yak
 11038 | Lair:3   | XOM: blink monster(s)
 11045 | Lair:3   | Killed a death yak
 11051 | Lair:3   | Killed a death yak
 11052 | Lair:3   | Reached skill level 7 in Fighting
 11056 | Lair:3   | Killed a death yak
 11059 | Lair:3   | Killed a death yak
 11060 | Lair:3   | Reached XP level 13. HP: 65/124 MP: 5/12
 11073 | Lair:3   | Gained mutation: Your flesh is very heat resistant. (rF++)
                  | [hidden potential]
 11073 | Lair:3   | Lost mutation: You have hidden genetic potential. [hidden
                  | potential expressed]
 11284 | Lair:3   | Noticed Urug
 11299 | Lair:3   | Killed Urug
 11662 | Lair:3   | Found a runed translucent gate.
 11663 | Lair:3   | Found a runed translucent gate.
 11664 | Lair:3   | Found a runed translucent gate.
 11665 | Lair:3   | Noticed CowFu's ghost (journeyman DrSh)
 11721 | Lair:3   | Reached skill level 19 in Maces & Flails
 11931 | Lair:3   | XOM: divination: detect items
 12010 | Lair:4   | Reached skill level 8 in Fighting
 12081 | Lair:4   | Found a staircase to the Slime Pits.
 12081 | Lair:4   | Found a viscous altar of Jiyva.
 12353 | Lair:4   | XOM: cast spell 'Olgreb's Toxic Radiance'
 12685 | Lair:4   | XOM: cast spell 'Cause Fear'
 12775 | Lair:4   | XOM: silly message
 13150 | Lair:5   | Entered Level 5 of the Lair of Beasts
 13200 | Lair:5   | XOM: give mutations
 13200 | Lair:5   | Lost mutation: A frigid envelope surrounds you and freezes
                  | all who hurt you. [Xom's mischief]
 13200 | Lair:5   | Lost mutation: You have large cloven feet. [Xom's mischief]
 13200 | Lair:5   | Lost mutation: You have a beak for a mouth. [Xom's
                  | mischief]
 13203 | Lair:5   | Reached skill level 9 in Fighting
 13271 | Lair:5   | XOM: enchant monster (good)
 13287 | Lair:5   | XOM: enchant monster (good)
 13316 | Lair:5   | XOM: potion effect (haste)
 13424 | Lair:5   | XOM: chaos cloud
 13460 | Lair:5   | XOM: swap monsters
 13513 | Lair:5   | Found a burning altar of Makhleb.
 13536 | Lair:5   | Reached XP level 14. HP: 126/141 MP: 10/13
 13538 | Lair:5   | XOM: repel stairs
 13562 | Lair:5   | XOM: god gift: book of Dreams
 13563 | Lair:5   | XOM: fog
 13568 | Lair:5   | XOM: cast spell 'Monstrous Menagerie'
 13816 | D:11     | Reached skill level 10 in Fighting
 13972 | D:11     | XOM: silly message
 14107 | D:11     | Reached skill level 20 in Maces & Flails
 14297 | D:11     | Identified the +8 mace of the Volcano {freeze, Fly rPois
                  | rN+}
 14582 | Orc:1    | Entered Level 1 of the Orcish Mines
 14635 | Orc:1    | Noticed Josephine
 14648 | Orc:1    | XOM: noise
 14656 | Orc:1    | Killed Josephine
 14726 | Orc:1    | XOM: silly message
 14792 | Orc:1    | Found Mebeit's Antique Armour Shoppe.
 15044 | Orc:2    | Entered Level 2 of the Orcish Mines
 15101 | Orc:2    | Found Wunuf's Antique Armour Shoppe.
 15126 | Orc:2    | Found Oclumas's Antique Armour Boutique.
 15166 | Orc:2    | Found a staircase to the Elven Halls.
 15188 | Orc:2    | Found Gygew's Distillery.
 15229 | Orc:2    | Found Ocsups's Firing Range.
 15503 | Orc:2    | Bought a potion of might for 60 gold pieces
 15566 | Orc:2    | Found Foleuh's Weapon Emporium.
 15611 | Orc:2    | XOM: confusion
 15703 | Orc:2    | XOM: enchant monster (bad)
 15950 | Orc:2    | XOM: polymorph orc knight -> moth of wrath
 15975 | Orc:2    | Reached skill level 11 in Fighting
 16025 | Orc:2    | Found Saybo's Weapon Emporium.
 16026 | Orc:2    | Found Lenara's Distillery.
 16031 | Orc:2    | Found Zuinifio's Weapon Shop.
 16072 | Orc:2    | Bought a potion of curing for 45 gold pieces
 16072 | Orc:2    | Bought a potion of curing for 45 gold pieces
 16072 | Orc:2    | Bought a potion of resistance for 150 gold pieces
 16091 | Orc:2    | Bought a potion of might for 64 gold pieces
 16091 | Orc:2    | Bought a potion of heal wounds for 80 gold pieces
 16091 | Orc:2    | Bought a potion of curing for 48 gold pieces
 16091 | Orc:2    | Bought a potion of haste for 160 gold pieces
 16091 | Orc:2    | Bought 2 potions of invisibility for 256 gold pieces
 16213 | D:12     | XOM: cleaving
 16216 | D:12     | XOM: cleaving
 16217 | D:12     | XOM: 8-stop teleportation journey
 16248 | D:12     | XOM: confuse monster(s)
 16455 | D:12     | XOM: scenery: summon butterflies
 16469 | D:12     | XOM: fake destruction
 16598 | D:12     | XOM: torment (80/146 hp)
 17071 | D:12     | XOM: god gift: falchion {god gift}
 17390 | D:13     | Noticed Lodul
 17390 | D:13     | Found a gate to the Vaults.
 17724 | Lair:5   | XOM: divine lightning
 17726 | Lair:5   | XOM: 7-stop teleportation journey
 18011 | Lair:5   | XOM: 7-stop teleportation journey
 18175 | Lair:5   | XOM: potion effect (might)
 18178 | Lair:5   | XOM: destruction
 18264 | Lair:5   | XOM: fog
 18317 | Lair:5   | XOM: scenery: 1 doors close
 18321 | Lair:5   | Found a gateway to Hell.
 18564 | Lair:5   | XOM is BORED!
 18753 | D:13     | XOM: scenery: 1 doors open, 1 doors close
 18763 | D:13     | XOM: smoke on damage
 18907 | D:13     | XOM: 1-stop teleportation journey
 18910 | D:13     | XOM: polymorph human -> black bear
 18993 | D:13     | Noticed Snorg
 19008 | D:13     | Killed Snorg
 19009 | D:13     | Reached XP level 15. HP: 75/156 MP: 6/14
 19092 | D:13     | XOM: stat loss: -1 Int (7/8)
 19146 | D:13     | XOM: torment (85/156 hp)
 19215 | D:13     | Reached skill level 21 in Maces & Flails
 19215 | D:13     | Reached skill level 2 in Dodging
 19355 | D:13     | XOM: swap monsters
 19615 | D:13     | Killed Lodul
 19746 | D:13     | Reached skill level 3 in Dodging
 19955 | D:14     | XOM: divination: magic mapping
 20095 | D:14     | XOM: enchant monster (bad)
 20099 | D:14     | XOM: cleaving
 20100 | D:14     | XOM: divination: detect creatures
 20106 | D:14     | XOM: noise
 20111 | D:14     | XOM: blink monster(s)
 20437 | D:14     | XOM: divine lightning
 20439 | D:14     | XOM: silly message
 20625 | D:14     | Reached skill level 4 in Dodging
 20706 | D:15     | Entered Level 15 of the Dungeon
 20731 | D:15     | XOM: repel stairs
 20863 | D:15     | Found Utamain's Distillery.
 20870 | D:15     | Noticed Roxanne
 20905 | D:15     | XOM: enchant monster (bad)
 20960 | D:15     | Reached skill level 5 in Dodging
 20964 | D:15     | XOM: blink monster(s)
 20982 | D:15     | Bought a potion of curing for 39 gold pieces
 20982 | D:15     | Bought a potion of haste for 130 gold pieces
 21081 | D:15     | XOM: noise
 21087 | D:15     | XOM: noise
 21108 | D:15     | XOM: confuse monster(s)
 21154 | D:15     | Found a staircase to the Depths.
 21160 | D:15     | XOM: silly message
 21280 | D:15     | Found a bloodstained altar of Trog.
 21298 | D:15     | XOM: divination: magic mapping
 21414 | D:15     | XOM: enchant monster (bad)
 21651 | D:15     | XOM: give mutations
 21651 | D:15     | Gained mutation: You have supernaturally acute eyesight.
                  | (SInv) [Xom's grace]
 21651 | D:15     | Gained mutation: You have a pair of small horns on your
                  | head. [Xom's grace]
 21651 | D:15     | Gained mutation: Your flesh is almost immune to the effects
                  | of heat. (rF+++) [Xom's grace]
 22122 | Spider:1 | Entered Level 1 of the Spider Nest
 22140 | Spider:1 | Reached skill level 1 in Armour
 22362 | Spider:1 | Reached skill level 2 in Armour
 22363 | Spider:1 | XOM: confusion (+ monsters)
 22723 | Spider:1 | Identified the +2 shortbow of the Real Monster {flame,
                  | rElec}
 22744 | Spider:1 | XOM: enchant monster (good)
 22784 | Spider:1 | XOM: god gift: 5 gold pieces
 22793 | Spider:1 | Reached skill level 3 in Armour
 22828 | Spider:1 | XOM: scenery: summon butterflies
 23185 | Spider:2 | Noticed Aizul
 23188 | Spider:2 | XOM: destruction
 23190 | Spider:1 | XOM: summons 9 friendly demons
 23200 | Spider:1 | Killed Aizul
 23201 | Spider:1 | Reached skill level 22 in Maces & Flails
 23291 | Spider:2 | XOM: scenery: create altars
 23296 | Spider:2 | XOM: cast spell 'Olgreb's Toxic Radiance'
 23298 | Spider:2 | XOM: cleaving
 23306 | Spider:2 | Reached XP level 16. HP: 148/165 MP: 11/15
 23352 | Spider:2 | Reached skill level 4 in Armour
 23619 | Spider:2 | Reached skill level 12 in Fighting
 23808 | Spider:2 | XOM: 2-stop teleportation journey
 23896 | Spider:2 | XOM: god gift: 32 gold pieces
 24091 | Spider:3 | XOM: 2-stop teleportation journey
 24146 | Spider:3 | XOM: confuse monster(s)
 24150 | Spider:3 | XOM: silly message
 24215 | Spider:3 | Reached skill level 1 in Throwing
 24351 | Spider:3 | Reached skill level 2 in Throwing
 24353 | Spider:3 | XOM: draining
 24369 | Spider:3 | XOM is BORED!
 24369 | Spider:3 | XOM: blink monster(s)
 24415 | Spider:3 | Paralysed by a jorogumo for 3 turns
 24575 | Spider:3 | XOM: blink monster(s)
 24710 | Spider:3 | Reached skill level 3 in Throwing
 25093 | Spider:3 | Reached skill level 4 in Throwing
 25157 | Spider:3 | XOM: give mutations
 25157 | Spider:3 | Gained mutation: You are partially covered in large bone
                  | plates. (SH +4) [Xom's grace]
 25157 | Spider:3 | Lost mutation: You are weak. (Str -2) [Xom's grace]
 25157 | Spider:3 | Gained mutation: You expend magic power (3 MP) to
                  | strengthen your wands. [Xom's grace]
 25363 | Spider:3 | XOM: summons 5 friendly demons
 25431 | Spider:3 | XOM: god gift: 811 gold pieces
 25438 | Spider:3 | XOM: give mutations
 25438 | Spider:3 | Gained mutation: You are agile. (Dex +4, Str/Int -1) [Xom's
                  | grace]
 25438 | Spider:3 | Gained mutation: Your mind is acute. (Int +4, Str/Dex -1)
                  | [Xom's grace]
 25438 | Spider:3 | Gained mutation: You have sharp toenails. [Xom's grace]
 25438 | Spider:3 | Gained mutation: You are robust. (+10% HP) [Xom's grace]
 25536 | Spider:4 | Entered Level 4 of the Spider Nest
 25586 | Spider:3 | HP: 17/177 [demonic crawler (3)]
 25586 | Spider:3 | HP: 4/177 [meliai/+4 war axe (13)]
 25587 | Spider:3 | >>rofl
 25587 | Spider:3 | >>dead
 25587 | Spider:3 | HP: 1/177 [poisoned by a meliai]
 25587 | Spider:3 | Killed from afar by a meliai

Vanquished Creatures
  Gastronok (Lair:2)
  Aizul (Spider:1)
  An emperor scorpion (Spider:2)
  A ghost moth (Spider:3)
  A very ugly thing (D:15)
  A minotaur (Gauntlet)
  2 spark wasps
  Snorg (D:13)
  Josephine (Orc:1)
  2 entropy weavers
  3 hydras
  A radroach (Spider:1)
  2 ogre magi (D:15)
  Erica (D:9)
  2 jorogumos
  3 centaur warriors
  4 boulder beetles
  8 two-headed ogres
  5 demonic crawlers
  6 death yaks (Lair:3)
  Urug (Lair:3)
  3 orc high priests (Orc:2)
  A sun demon (Lair:5)
  3 skeletal warriors (D:14)
  3 pharaoh ants (Spider:3)
  Lodul (D:13)
  A glowing orange brain (D:15)
  A wizard (Lair:5)
  3 lindwurms
  5 orb spiders
  3 steelbarb worms
  5 orc knights
  A deep elf pyromancer (D:14)
  15 wolf spiders
  12 ugly things
  4 cyclopes
  6 orc sorcerers (Orc:2)
  4 manticores
  5 black mambas
  7 centaur zombies (D:12)
  4 torpor snails
  A smoke demon (Lair:5)
  3 moths of wrath
  A gargoyle (D:14)
  16 elephants
  Joseph (D:10)
  2 orange demons (Lair:5)
  14 cane toads
  4 rime drakes (Lair:5)
  3 kobold demonologists
  Jeremiah (D:7)
  3 efreet (D:13)
  10 komodo dragons
  3 ice devils (Lair:5)
  4 trolls
  3 polar bears
  3 meliai (D:14)
  7 tarantellas
  A hornet (D:6)
  2 raiju (Gauntlet)
  15 blink frogs
  A wind drake (shapeshifter) (D:15)
  A meliai zombie (D:12)
  A tarantella (shapeshifter) (D:14)
  7 dream sheep
  A raiju (shapeshifter) (D:15)
  10 culicivoras
  16 jumping spiders
  9 slime creatures
  3 shadows
  4 vampires
  5 wraiths
  4 wyverns
  38 yaks
  2 basilisks
  9 humans (D:13)
  35 redbacks
  5 vampire mosquitoes
  4 steam dragons
  A warg (Orc:1)
  An acid dragon (D:12)
  15 water moccasins
  5 hell hounds (Lair:5)
  A black bear (shapeshifter) (D:9)
  14 orc warriors
  2 sky beasts
  6 black bears
  10 wolves
  10 centaurs
  18 ogres
  3 phantoms (D:5)
  9 kobold brigands
  11 bullfrogs
  8 scorpions
  4 gnoll sergeants
  25 wights
  35 killer bees
  An electric eel (Spider:2)
  3 howler monkeys
  4 jellies
  2 hounds
  16 orc priests
  2 sleepcaps (D:6)
  Terence (D:3)
  5 iguanas
  22 orc wizards
  A lightning spire (Gauntlet)
  16 gnolls
  14 adders
  A shadow imp (D:5)
  3 white imps
  An ufetubus (D:6)
  A worm (D:3)
  2 dart slugs
  60 orcs
  10 ball pythons
  3 endoplasms
  2 giant cockroaches
  7 goblins
  9 hobgoblins
  6 quokkas
  3 training dummies (Orc:2)
  4 bats
  5 frilled lizards (D:1)
  26 kobolds
  4 rats
799 creatures vanquished.

Vanquished Creatures (collateral kills)
  A wolf spider (Spider:1)
  A black mamba (Lair:1)
  A komodo dragon (Lair:1)
  A queen bee (D:9)
  A wyvern (Lair:5)
  5 yaks
  Grum (Lair:1)
  A basilisk (Lair:1)
  A vampire mosquito (D:11)
  A black bear (Lair:1)
  An ice beast (D:7)
  A wolf (Lair:1)
  A kobold brigand (D:11)
  A kobold (D:11)
18 creatures vanquished.

Vanquished Creatures (others)
  A lindwurm (Lair:1)
  A cane toad (Lair:1)
  A yak (D:10)
  A wyvern (D:8)
  A water moccasin (D:10)
  A black bear (D:10)
  A wolf (Lair:1)
  2 bullfrogs (D:10)
  A wight (D:10)
  2 howler monkeys (D:8)
12 creatures vanquished.

Grand Total: 829 creatures vanquished

Table legend: (Time is in decaauts)
 A = Elapsed time spent in this place.
 B = Non-inter-level travel time spent in this place.
 C = Inter-level travel time spent in this place.
 D = Time resting spent in this place.
 E = Time spent auto-exploring this place.
 F = Levels seen in this place.
 G = Mean time per level.
                   A        B        C        D        E       F      G
               +--------+--------+--------+--------+--------+-----+--------+
         Total |  25205 |  23442 |   1763 |   1139 |  16952 |  27 |  933.5 |
       Dungeon |  14057 |  13093 |    964 |    359 |   9850 |  15 |  937.1 |
          Lair |   5894 |   5413 |    481 |    198 |   3985 |   5 | 1178.8 |
   Spider Nest |   3350 |   3161 |    189 |    304 |   2136 |   4 |  837.5 |
  Orcish Mines |   1530 |   1403 |    127 |    226 |    799 |   2 |  765.0 |
      Gauntlet |    373 |    373 |      0 |     50 |    181 |   1 |  373.0 |
               +--------+--------+--------+--------+--------+-----+--------+

Top non-repeatable levels by time:
Spider:3: 1590 daAuts
     D:5: 1331 daAuts
  Lair:5: 1313 daAuts
    D:12: 1311 daAuts
  Lair:4: 1301 daAuts
     D:6: 1223 daAuts
  Lair:3: 1186 daAuts
    D:15: 1170 daAuts
    D:10: 1164 daAuts
     D:9: 1155 daAuts
  Lair:2: 1123 daAuts
Spider:1: 1096 daAuts
    D:13: 1034 daAuts
  Lair:1: 968 daAuts
     D:4: 968 daAuts

Table legend:
 A = Non-vault XP
 B = Vault XP
 C = Vault XP percentage of total XP
 D = Non-vault monster count
 E = Vault monster count
 F = Vault count percentage of total count
                 A         B        C        D         E       F
            +---------+---------+-------+---------+---------+-------
      Total |  132907 |   51068 |  27.8 |     624 |     197 |  24.0
            +---------+---------+-------+---------+---------+-------
        D:1 |      45 |       0 |   0.0 |      27 |       0 |   0.0
        D:2 |      19 |       0 |   0.0 |       4 |       0 |   0.0
        D:3 |     128 |      38 |  22.9 |      28 |       1 |   3.4
        D:4 |     727 |       0 |   0.0 |      26 |       0 |   0.0
        D:5 |     739 |     526 |  41.6 |      23 |      16 |  41.0
        D:6 |    1204 |    1128 |  48.4 |      31 |      16 |  34.0
        D:7 |    1416 |     370 |  20.7 |      21 |       1 |   4.5
        D:8 |    1301 |      37 |   2.8 |      24 |       1 |   4.0
        D:9 |    1808 |    2793 |  60.7 |      28 |      29 |  50.9
       D:10 |    1880 |    1731 |  47.9 |      11 |      12 |  52.2
       D:11 |    3967 |       0 |   0.0 |      30 |       0 |   0.0
       D:12 |    3783 |    4459 |  54.1 |      16 |      12 |  42.9
       D:13 |    4233 |    5564 |  56.8 |      17 |      15 |  46.9
       D:14 |    8156 |       0 |   0.0 |      23 |       0 |   0.0
       D:15 |   12335 |    5248 |  29.8 |      29 |      10 |  25.6
     Lair:1 |    3581 |    1419 |  28.4 |      22 |       4 |  15.4
     Lair:2 |    4281 |    4609 |  51.8 |      16 |      13 |  44.8
     Lair:3 |   12820 |     787 |   5.8 |      37 |       1 |   2.6
     Lair:4 |    8619 |       0 |   0.0 |      29 |       0 |   0.0
     Lair:5 |   11298 |    9254 |  45.0 |      36 |      26 |  41.9
   Spider:1 |   11480 |    1123 |   8.9 |      24 |       1 |   4.0
   Spider:2 |    9930 |       0 |   0.0 |      21 |       0 |   0.0
   Spider:3 |   24738 |       0 |   0.0 |      63 |       0 |   0.0
      Orc:1 |    3000 |    2190 |  42.2 |      26 |       5 |  16.1
      Orc:2 |    1419 |    7454 |  84.0 |      12 |      27 |  69.2
   Gauntlet |       0 |    2338 | 100.0 |       0 |       7 | 100.0
            +---------+---------+-------+---------+---------+-------
